 Dungeon Crawl Stone Soup version 0.30-a0-728-gc68057be0a (webtiles) character file.

Game seed: 3539002959019181591

209 scionoferis the Ducker (level 5, -4/37 (41) HPs)
             Began as a Demigod Hexslinger on Jan 30, 2023.
             Slain by a wight
             ... wielding a +0 trident
              (8 damage)
             ... in an ossuary.
             The game lasted 00:09:05 (2862 turns).

scionoferis the Ducker (Demigod Hexslinger)         Turns: 2862, Time: 00:09:06

HP:   -4/37 (41)    AC:  5    Str: 11    XL:     5   Next: 30%
MP:   9/9           EV: 13    Int: 15    God:
Gold: 157           SH:  0    Dex: 18    Spells: 5/6 levels left

rFire   . . .      SeeInvis .    a - +1 sling
rCold   . . .      Faith    .    (no shield)
rNeg    . . .      Spirit   .    c - +0 robe
rPois   .          Reflect  .    (no helmet)
rElec   .          Harm     .    (no cloak)
rCorr   +          Rampage  .    s - +2 pair of gloves
Will    .....                    (no boots)
Stlth   ++                       u - amulet of regeneration
HPRegen 1.06/turn                y - ring of resist corrosion
MPRegen 0.11/turn                (no ring)

@: drained
A: high MP 1, forlorn, divine attributes
a: no special abilities


You were in an ossuary.
You visited 1 branch of the dungeon, and saw 4 of its levels.
You also visited: Ossuary.

You collected 157 gold pieces.


Innate Abilities, Weirdness & Mutations

You have an increased reservoir of magic. (+10% MP)
You shall have no god before yourself.
Your divine heritage dramatically boosts your attributes as you level up.


   Skills:
 + Level 2.0 Fighting
 * Level 3.3 Ranged Weapons
 * Level 3.4 Dodging
 + Level 2.0 Stealth
 - Level 1.0 Spellcasting
 - Level 2.6 Hexes


You had 5 spell levels left.
You knew the following spells:

 Your Spells              Type           Power      Damage    Failure   Level
a - Slow                  Hex            32%        N/A       9%          1

Your spell library contained the following spells:

 Spells                   Type           Power      Damage    Failure   Level
 Tukima's Dance           Hex            8%         N/A       24%         3
 Inner Flame              Hex/Fire       4%         N/A       38%         3
 Portal Projectile        Hex/Tloc       8%         N/A       38%         3
 Cause Fear               Hex            4%         N/A       63%         4
 Passage of Golubria      Tloc           0%         N/A       94%         4
 Yara's Violent Unravell  Hex/Tmut       2%         3d3       98%         5

Inventory:

Hand Weapons
 a - a +1 sling (weapon)
Missiles
 l - 2 atropa-tipped darts
 r - 15 poisoned darts
Armour
 c - a +0 robe (worn)
 s - a +2 pair of gloves (worn)
   (You found it on level 2 of the Dungeon)
Magical Staves
 w - a staff of death
   (You found it on level 3 of the Dungeon)
Jewellery
 u - an amulet of regeneration (around neck)
   (You found it on level 2 of the Dungeon)
 v - a ring of fire
   (You found it on level 2 of the Dungeon)
 y - a ring of resist corrosion (left hand)
   (You found it on level 3 of the Dungeon)
Wands
 B - a wand of mindburst (15)
   (You found it on level 4 of the Dungeon)
Scrolls
 b - a scroll of poison
 d - a scroll of butterflies {unknown}
 f - 2 scrolls of identify {unknown}
 g - a scroll of enchant armour {unknown}
 h - 2 scrolls of noise {unknown}
 i - a scroll of vulnerability {unknown}
 j - a scroll of amnesia {unknown}
 k - 2 scrolls of blinking {unknown}
 p - a scroll of fog {unknown}
 x - a scroll of immolation {unknown}
 z - a scroll of teleportation {unknown}
 A - a scroll of fear {unknown}
Potions
 e - a potion of flight {unknown}
 m - 4 potions of curing {unknown}
 n - a potion of mutation {unknown}
 o - a potion of lignification {unknown}
 q - 2 potions of magic {unknown}
 t - a potion of degeneration {unknown}

Dungeon Overview and Level Annotations

Branches:
Dungeon (4/15)            Ossuary (1/1)
 Temple: D:4-7

##### ##...## ##.....##
#.##....#######
#.#......##.#.#
##.##......#'#'#+#+#+##
#..#.......'...@......+
#..........#'#'#'#+#+##
##........##.#.#z#
##......#########
###...## ##...# #..###
#.## ##.##


You could see a wight.


Message History

There is a stone staircase leading up here.
You shoot a sling bullet. The sling bullet hits the bat.
You kill the bat!
You hear a shout!
You climb upwards.
There is a stone staircase leading down here.
You climb downwards.
A hobgoblin comes into view.
The worm barely misses you.
There is a stone staircase leading up here.
You climb upwards.
There is a stone staircase leading down here.
You shoot a sling bullet.
The sling bullet barely misses the worm.
You shoot a sling bullet. The sling bullet hits the worm.
The worm is lightly wounded.
You shoot a sling bullet. The sling bullet hits the worm.
The worm is moderately wounded.
You shoot a sling bullet.
The sling bullet hits the worm but does no damage.
The worm is moderately wounded.
You shoot a sling bullet. The sling bullet hits the worm.
The worm is heavily wounded.
You shoot a sling bullet. The sling bullet hits the worm.
The worm is severely wounded.
You shoot a sling bullet. The sling bullet hits the worm!
You kill the worm!
You have reached level 3!
Your experience leads to a dramatic increase in your attributes!
Increase (S)trength, (I)ntelligence, or (D)exterity?
You feel agile. x4
There is a stone staircase leading down here.
You climb downwards.
The hobgoblin barely misses you. The hobgoblin hits you.
There is a stone staircase leading up here.
You shoot a sling bullet.
The sling bullet closely misses the hobgoblin.
The hobgoblin hits you.
You shoot a sling bullet. The sling bullet hits the hobgoblin.
You kill the hobgoblin!
No target in view!
No target in view!
HP restored.
m - 2 inky potions (gained 1)
You now have 38 gold pieces (gained 13).
Found a leather armour.
Found a stone staircase leading down.
A giant cockroach comes into view.
There is a stone staircase leading down here.
You shoot a sling bullet.
The sling bullet barely misses the giant cockroach.
You shoot a sling bullet.
The sling bullet closely misses the giant cockroach.
You shoot a sling bullet.
The sling bullet barely misses the giant cockroach.
You shoot a sling bullet.
The sling bullet hits the giant cockroach.
The giant cockroach is almost dead.
The giant cockroach bites you but does no damage.
You shoot a sling bullet.
The sling bullet closely misses the giant cockroach.
The giant cockroach bites you.
You shoot a sling bullet.
The sling bullet hits the giant cockroach.
You kill the giant cockroach!
No target in view!
An adder comes into view.
You shoot a sling bullet. The sling bullet hits the adder.
The adder hisses angrily.
The adder is heavily wounded.
You shoot a sling bullet.
The sling bullet closely misses the adder.
You shoot a sling bullet.
The sling bullet barely misses the adder.
You shoot a sling bullet.
The sling bullet hits the adder but does no damage.
The adder is heavily wounded.
The adder bites you.
You shoot a sling bullet. The sling bullet hits the adder!
You kill the adder!
Your Stealth skill increases to level 1!
No target in view!
A ball python comes into view.
You shoot a sling bullet.
The sling bullet barely misses the ball python.
The ball python hisses angrily.
You shoot a sling bullet. The sling bullet hits the ball python.
You kill the ball python!
No target in view!
No target in view!
Found a whip.
A quokka comes into view.
You shoot a sling bullet. The sling bullet hits the quokka.
The quokka is almost dead.
You hear a shout!
A kobold comes into view. It is wielding a +0 short sword.
You shoot a sling bullet.
The sling bullet closely misses the quokka.
You shoot a sling bullet. The sling bullet hits the kobold!
You kill the kobold!
You shoot a sling bullet.
The sling bullet barely misses the quokka.
You shoot a sling bullet. The sling bullet hits the quokka!
You kill the quokka!
A bat comes into view.
The bat moves out of view.
You see here a +0 whip.
You shoot a sling bullet. The sling bullet barely misses the bat.
You shoot a sling bullet. The sling bullet barely misses the bat.
The bat hits you.
You shoot a sling bullet.
The sling bullet closely misses the bat.
The bat closely misses you.
You shoot a sling bullet. The sling bullet hits the bat.
You kill the bat!
No target in view!
No target in view!
q - a sedimented pink potion
Found 6 stones.
A quokka comes into view.
You shoot a sling bullet. The sling bullet hits the quokka.
The quokka is moderately wounded.
You shoot a sling bullet.
The sling bullet barely misses the quokka.
You shoot a sling bullet.
The sling bullet closely misses the quokka.
You shoot a sling bullet. The sling bullet hits the quokka.
You kill the quokka!
No target in view!
No target in view!
Found a chain mail.
No target in view!
A frilled lizard comes into view.
You shoot a sling bullet.
The sling bullet completely misses the frilled lizard.
The frilled lizard hisses angrily.
You shoot a sling bullet.
The sling bullet barely misses the frilled lizard.
You shoot a sling bullet.
The sling bullet misses the frilled lizard.
You shoot a sling bullet.
The sling bullet barely misses the frilled lizard.
You shoot a sling bullet.
The sling bullet barely misses the frilled lizard.
The frilled lizard closely misses you. The frilled lizard barely misses you.
You shoot a sling bullet.
The sling bullet misses the frilled lizard.
The frilled lizard barely misses you.
You shoot a sling bullet.
The sling bullet hits the frilled lizard.
You kill the frilled lizard!
No target in view!
Found 4 poisoned darts.
You see here 4 poisoned darts.
r - 4 poisoned darts A worm comes into view.
You shoot a sling bullet. The sling bullet hits the worm.
The worm is moderately wounded.
You shoot a sling bullet. The sling bullet hits the worm.
The worm is heavily wounded.
No target in view!
No target in view!
No target in view!
You shoot a sling bullet. The sling bullet hits the worm!
The worm is severely wounded.
You shoot a sling bullet. The sling bullet hits the worm.
The worm is almost dead.
You shoot a sling bullet. The sling bullet hits the worm.
The worm is almost dead.
You shoot a sling bullet. The sling bullet hits the worm!
You kill the worm!
No target in view!
No target in view!
You now have 47 gold pieces (gained 9).
A rat comes into view.
You shoot a sling bullet. The sling bullet hits the rat.
You kill the rat!
No target in view!
No target in view!
Found a stone staircase leading up.
There is a stone staircase leading up here.
You see here a +2 pair of gloves.
s - a +2 pair of gloves You start putting on your armour.
You continue putting on your +2 pair of gloves. x4
You finish putting on your +2 pair of gloves.
A ball python comes into view.
You shoot a sling bullet. The sling bullet hits the ball python.
You kill the ball python!
No target in view!
No target in view!
t - a smoky black potion An adder comes into view.
You shoot a sling bullet. The sling bullet hits the adder.
The adder hisses angrily.
The adder is moderately wounded.
A hobgoblin comes into view.
You shoot a sling bullet.
The sling bullet closely misses the adder.
You shoot a sling bullet. The sling bullet misses the adder.
You shoot a sling bullet. The sling bullet hits the adder.
The adder is severely wounded.
You shoot a sling bullet. The sling bullet misses the adder.
The adder bites you.
The hobgoblin hits you but does no damage.
The adder barely misses you.
You shoot a sling bullet.
The sling bullet completely misses the adder.
The adder bites you. The hobgoblin misses you.
The hobgoblin attacks as you move away! The hobgoblin barely misses you.
The adder bites you but does no damage.
You shoot a sling bullet. The sling bullet misses the adder.
The sling bullet barely misses the hobgoblin.
The adder bites you but does no damage.
You shoot a sling bullet.
The sling bullet closely misses the adder.
The sling bullet hits the hobgoblin.
You kill the hobgoblin!
The adder misses you. x2
You shoot a sling bullet.
The sling bullet closely misses the adder.
The adder bites you but does no damage. The adder misses you.
You shoot a sling bullet.
The sling bullet hits the adder but does no damage.
The adder is severely wounded.
The adder bites you but does no damage.
You shoot a sling bullet. The sling bullet hits the adder!
You kill the adder!
No target in view!
You see here an adder corpse.
Found a stone staircase leading down.
You see here a hobgoblin corpse.
r - 10 poisoned darts (gained 6)
A jackal, an orc and a worm come into view.
The orc shouts!
The jackal moves out of view.
The worm moves out of view.
You shoot a sling bullet. The sling bullet hits the orc.
The orc is heavily wounded.
You shoot a sling bullet. The sling bullet barely misses the orc.
You shoot a sling bullet.
The sling bullet closely misses the orc.
The sling bullet closely misses the jackal.
The jackal barks!
You shoot a sling bullet. The sling bullet hits the orc.
You kill the orc!
You shoot a sling bullet. The sling bullet hits the jackal.
The jackal is almost dead.
The jackal attacks as you move away! The jackal misses you.
The jackal attacks as you move away!
The jackal bites you but does no damage. x2
You see here a hobgoblin corpse.
The jackal attacks as you move away! The jackal bites you.
You see here an adder corpse.
You shoot a sling bullet.
The sling bullet closely misses the jackal.
The sling bullet hits the worm!
The worm is moderately wounded.
The jackal bites you. x2
You shoot a sling bullet. The sling bullet hits the jackal!
You kill the jackal!
You shoot a sling bullet. The sling bullet hits the worm.
The worm is heavily wounded.
You shoot a sling bullet. The sling bullet hits the worm.
The worm is severely wounded.
You shoot a sling bullet. The sling bullet hits the worm.
The worm is severely wounded.
You shoot a sling bullet.
The sling bullet barely misses the worm.
You shoot a sling bullet. The sling bullet hits the worm!
You kill the worm!
No target in view!
No target in view!
A rat comes into view.
The rat moves out of view.
Found a stone staircase leading up.
A goblin comes into view. It is wielding a +0 club.
The goblin shouts!
You shoot a sling bullet.
The sling bullet barely misses the goblin.
You shoot a sling bullet.
The sling bullet barely misses the goblin.
You hear an angry hiss.
You shoot a sling bullet. The sling bullet hits the goblin.
The goblin is moderately wounded.
The goblin closely misses you.
You shoot a sling bullet. The sling bullet hits the goblin.
The goblin is severely wounded.
The goblin completely misses you.
You shoot a sling bullet.
The sling bullet completely misses the goblin.
An endoplasm comes into view.
The goblin completely misses you.
You shoot a sling bullet.
The sling bullet barely misses the goblin.
The goblin closely misses you. x2
You shoot a sling bullet.
The sling bullet completely misses the goblin.
The goblin closely misses you.
A frilled lizard comes into view.
You shoot a sling bullet.
The sling bullet closely misses the goblin.
The goblin barely misses you.
You shoot a sling bullet. The sling bullet hits the goblin!
You kill the goblin!
You shoot a sling bullet.
The sling bullet closely misses the frilled lizard.
The frilled lizard bites you.
You shoot a sling bullet.
The sling bullet hits the frilled lizard!
You kill the frilled lizard!
The endoplasm freezes you.
You are frozen.
You shoot a sling bullet.
The sling bullet hits the endoplasm but does no damage.
The endoplasm freezes you.
You are frozen.
You shoot a sling bullet. The sling bullet hits the endoplasm!
You kill the endoplasm!
No target in view!
No target in view!
No target in view!
No target in view!
A giant cockroach comes into view.
You shoot a sling bullet.
The sling bullet hits the giant cockroach.
You kill the giant cockroach!
You have reached level 4!
Things that are here:
a +0 club; a goblin corpse A rat is nearby!
You shoot a sling bullet. The sling bullet hits the rat.
The rat is heavily wounded.
You shoot a sling bullet. The sling bullet hits the rat!
You kill the rat!
No target in view!
No target in view!
A worm comes into view.
You shoot a sling bullet. The sling bullet hits the worm!
The worm is moderately wounded.
You shoot a sling bullet.
The sling bullet barely misses the worm.
You shoot a sling bullet. The sling bullet hits the worm!
The worm is severely wounded.
You shoot a sling bullet.
The sling bullet barely misses the worm.
The worm closely misses you.
You shoot a sling bullet. The sling bullet hits the worm.
The worm is severely wounded.
The worm closely misses you.
You shoot a sling bullet. The sling bullet hits the worm!
You kill the worm!
No target in view!
No target in view!
Found a stone staircase leading down.
A goblin comes into view. It is wielding a +0 dagger.
You shoot a sling bullet. The goblin shouts!
The sling bullet hits the goblin!
You kill the goblin!
No target in view!
No target in view!
u - an amulet of regeneration You start putting on your amulet.
You continue putting on your amulet of regeneration. x5
You finish putting on your amulet of regeneration.
The amulet throbs as it attunes itself to your uninjured body.
u - an amulet of regeneration (around neck)
There is a stone staircase leading down here.
v - a ring of fire
Found a spear.
A rat comes into view.
You shoot a sling bullet.
The sling bullet hits the rat but does no damage.
You shoot a sling bullet. The sling bullet hits the rat.
You kill the rat!
No target in view!
No target in view!
A hobgoblin comes into view.
Found 5 poisoned darts.
You shoot a sling bullet. The sling bullet hits the hobgoblin.
The hobgoblin shouts!
The hobgoblin is severely wounded.
You shoot a sling bullet. The sling bullet hits the hobgoblin.
You kill the hobgoblin!
No target in view!
No target in view!
r - 15 poisoned darts (gained 5)
There is an open door here.
A rat comes into view.
You shoot a sling bullet. The sling bullet barely misses the rat.
You shoot a sling bullet.
The sling bullet hits the rat but does no damage.
You shoot a sling bullet. The sling bullet hits the rat.
You kill the rat!
No target in view!
No target in view!
There is a fountain of clear blue water here.
There is a fountain of clear blue water here.
Done exploring.
Done exploring.
Search for what [Enter for "d:", or ? for help]? d: Unknown command.
There is a stone staircase leading down here.
You climb downwards.
There is a stone staircase leading up here.
You shoot a sling bullet. The sling bullet hits the adder.
The adder hisses angrily.
The adder is heavily wounded.
You shoot a sling bullet. The sling bullet hits the adder.
You kill the adder!
No target in view!
No target in view!
No target in view!
Found a stone staircase leading down.
You now have 53 gold pieces (gained 6).
You now have 62 gold pieces (gained 9).
A ball python comes into view.
The ball python hisses angrily.
You shoot a sling bullet.
The sling bullet closely misses the ball python.
You shoot a sling bullet. The sling bullet hits the ball python.
You kill the ball python!
No target in view!
No target in view!
You see here a ball python corpse.
You open the door.
Found a stone staircase leading up.
A ball python comes into view.
There is an open door here.
You shoot a sling bullet. The sling bullet hits the ball python.
You kill the ball python!
You hear a shout!
No target in view!
No target in view!
No target in view!
Found a stone staircase leading down and a stone staircase leading up.
A hobgoblin comes into view.
You see here a staff of death.
You shoot a sling bullet. The sling bullet hits the hobgoblin.
You kill the hobgoblin!
No target in view!
No target in view!
w - a staff of death You see here a hobgoblin corpse.
x - a scroll labelled CARANK FILYSK You see here an adder corpse.
A bat comes into view.
You shoot a sling bullet. The sling bullet hits the bat.
You kill the bat!
No target in view!
No target in view!
You now have 72 gold pieces (gained 10).
You now have 84 gold pieces (gained 12).
Found an escape hatch in the floor.
A quokka comes into view.
You shoot a sling bullet. The sling bullet hits the quokka!
You kill the quokka!
No target in view!
No target in view!
Found a stone staircase leading down.
You now have 98 gold pieces (gained 14).
Found a whip.
No target in view!
q - 2 sedimented pink potions (gained 1)
A giant cockroach comes into view.
You shoot a sling bullet.
The sling bullet hits the giant cockroach but does no damage.
You shoot a sling bullet.
The sling bullet hits the giant cockroach.
The giant cockroach is moderately wounded.
You shoot a sling bullet.
The sling bullet hits the giant cockroach.
The giant cockroach is almost dead.
You shoot a sling bullet.
The sling bullet closely misses the giant cockroach.
You shoot a sling bullet.
The sling bullet hits the giant cockroach but does no damage.
The giant cockroach is almost dead.
The giant cockroach bites you but does no damage. x2
You shoot a sling bullet.
The sling bullet completely misses the giant cockroach.
The giant cockroach bites you but does no damage.
You shoot a sling bullet.
The sling bullet hits the giant cockroach.
You kill the giant cockroach!
Found a sling.
A goblin comes into view. It is wielding a +0 dagger.
Found a trident.
You shoot a sling bullet. The sling bullet hits the goblin.
The goblin is severely wounded.
You shoot a sling bullet. The sling bullet hits the goblin.
You kill the goblin!
No target in view!
No target in view!
h - 2 scrolls labelled SEIT XUWEROGG (gained 1)
A dart slug comes into view.
You shoot a sling bullet. The sling bullet hits the dart slug.
The dart slug is heavily wounded.
You shoot a sling bullet. The sling bullet hits the dart slug!
You kill the dart slug!
A worm comes into view.
Your Dodging skill increases to level 3!
You shoot a sling bullet.
The sling bullet barely misses the worm.
You shoot a sling bullet. The sling bullet hits the worm.
The worm is lightly wounded.
No target in view!
No target in view!
You shoot a sling bullet.
The sling bullet barely misses the worm.
You shoot a sling bullet. The sling bullet hits the worm.
The worm is lightly wounded.
You shoot a sling bullet. The sling bullet hits the worm.
The worm is moderately wounded.
You shoot a sling bullet.
The sling bullet barely misses the worm.
You shoot a sling bullet. The sling bullet hits the worm.
The worm is moderately wounded.
You shoot a sling bullet.
The sling bullet barely misses the worm.
You shoot a sling bullet. The sling bullet hits the worm!
The worm is severely wounded.
You shoot a sling bullet. The sling bullet hits the worm.
You kill the worm!
No target in view!
No target in view!
k - 2 scrolls labelled LETRE CICS (gained 1)
You now have 103 gold pieces (gained 5).
A giant cockroach comes into view.
Found 5 stones.
You shoot a sling bullet.
The sling bullet hits the giant cockroach.
The giant cockroach is almost dead.
You shoot a sling bullet.
The sling bullet hits the giant cockroach but does no damage.
The giant cockroach is almost dead.
You shoot a sling bullet.
The sling bullet hits the giant cockroach!
You kill the giant cockroach!
No target in view!
You see here a dart slug corpse.
You see here 5 stones.
Found a hide-covered altar of Uskayaw.
A goblin comes into view. It is wielding a +0 club.
You shoot a sling bullet. The sling bullet hits the goblin.
The goblin shouts!
The goblin is severely wounded.
You shoot a sling bullet. The sling bullet hits the goblin.
You kill the goblin!
No target in view!
No target in view!
You open the door.
There is an open door here.
A rat comes into view.
You shoot a sling bullet.
The sling bullet hits the rat but does no damage.
You shoot a sling bullet.
The sling bullet closely misses the rat.
You shoot a sling bullet. The sling bullet hits the rat!
You kill the rat!
No target in view!
You open the door.
A dart slug comes into view.
Found a tourmaline ring, a scroll labelled YLYLEL SEANLE and 17 gold pieces.
You shoot a sling bullet. The sling bullet hits the dart slug!
The dart slug is severely wounded.
You shoot a sling bullet. The sling bullet hits the dart slug!
You kill the dart slug!
Your Ranged Weapons skill increases to level 3!
No target in view!
No target in view!
There is an open door here.
y - a ring of resist corrosion
y - a ring of resist corrosion (left hand)
Okay, then.
z - a scroll labelled YLYLEL SEANLE You now have 120 gold pieces (gained 17).
There is an open door here.
There is an open door here.
Found a whip.
A worm comes into view.
You shoot a sling bullet.
The sling bullet barely misses the worm.
You shoot a sling bullet. The sling bullet hits the worm!
The worm is heavily wounded.
You shoot a sling bullet. The sling bullet hits the worm.
The worm is almost dead.
You shoot a sling bullet. The sling bullet hits the worm!
You kill the worm!
No target in view!
No target in view!
Found a club.
A ball python comes into view.
You shoot a sling bullet. The sling bullet hits the ball python.
You kill the ball python!
No target in view!
No target in view!
A bat comes into view.
You shoot a sling bullet. The sling bullet hits the bat.
The bat is moderately wounded.
You shoot a sling bullet. The sling bullet hits the bat.
The bat is severely wounded.
The bat barely misses you.
You shoot a sling bullet. The sling bullet hits the bat.
You kill the bat!
No target in view!
No target in view!
You open the door.
There is an open door here.
Found an escape hatch in the ceiling.
A - a scroll labelled XEHALI ZOPUUGH
There is an escape hatch in the ceiling here.
Things that are here:
a +0 dagger; a goblin skeleton You see here 5 stones.
Done exploring.
Search for what [Enter for "d:", or ? for help]? d: Unknown command.
There is a stone staircase leading down here.
Unknown command.
You climb downwards.
You hear the hiss of flowing sand.
There is an entrance to an ossuary on this level.
Hurry and find it before the portal is buried!
There is a stone staircase leading up here.
You shoot a sling bullet. The sling bullet hits the worm!
The worm is moderately wounded.
You shoot a sling bullet. The sling bullet hits the worm!
The worm is almost dead.
You shoot a sling bullet.
The sling bullet hits the worm but does no damage.
The worm is severely wounded.
You shoot a sling bullet.
The sling bullet barely misses the worm.
You shoot a sling bullet. The sling bullet hits the worm.
The worm is almost dead.
You shoot a sling bullet. The sling bullet hits the worm.
You kill the worm!
You open the door.
Found a stone staircase leading down.
There is an open door here.
You open the door.
Found a stone staircase leading up.
Found a wooden wand.
There is an open door here.
An orc comes into view. It is wielding a +0 mace.
You shoot a sling bullet. The sling bullet hits the orc.
The orc shouts!
The orc is moderately wounded.
A scorpion comes into view.
You shoot a sling bullet.
The sling bullet hits the orc but does no damage.
The orc is moderately wounded.
There is an open door here.
You shoot a sling bullet.
The sling bullet hits the orc but does no damage.
The orc is moderately wounded.
You shoot a sling bullet. The sling bullet barely misses the orc.
You shoot a sling bullet. The sling bullet hits the orc.
The orc is severely wounded.
The scorpion barely misses you.
You shoot a sling bullet.
The sling bullet hits the scorpion but does no damage.
The scorpion stings you but does no damage.
You shoot a sling bullet. The sling bullet hits the scorpion!
The scorpion is heavily wounded.
The scorpion closely misses you. The scorpion stings you.
You are poisoned.
The scorpion poisons you!
You shoot a sling bullet. The sling bullet hits the scorpion.
The scorpion is severely wounded.
You feel very sick. The scorpion barely misses you.
You shoot a sling bullet.
The sling bullet barely misses the scorpion.
You feel sick. The scorpion stings you. x2
You shoot a sling bullet.
The sling bullet barely misses the scorpion.
You feel sick. The scorpion barely misses you.
You shoot a sling bullet.
The sling bullet closely misses the scorpion.
You hear the slow hiss of a very distant avalanche of sand.
You feel sick. The scorpion barely misses you. x2
You shoot a sling bullet. The sling bullet hits the scorpion.
The scorpion is almost dead.
You feel sick.
You are no longer poisoned.
The scorpion stings you.
You shoot a sling bullet. The sling bullet hits the scorpion.
The scorpion is almost dead.
The scorpion stings you. The scorpion closely misses you.
You are too injured to fight recklessly!
You are too injured to fight recklessly!
Fire: a) +1 sling
Press: ? - help, Q - select action, (/) - cycle Shift-Dir - straight line, f - orc, p - scorpion
Aim: an orc, wielding a +0 mace and wearing a +0 ring mail (severely wounded, 64% to hit)
You shoot a sling bullet.
The sling bullet closely misses the scorpion.
The sling bullet hits the orc.
The orc is almost dead.
The scorpion misses you.
Fire: a) +1 sling
Press: ? - help, Q - select action, (/) - cycle Shift-Dir - straight line, f - scorpion
Aim: a scorpion (almost dead, 60% to hit)
You shoot a sling bullet. The sling bullet hits the scorpion.
You kill the scorpion!
The orc hits you with a +0 mace.
Your Fighting skill increases to level 2!
You have reached level 5!
Fire: a) +1 sling
Press: ? - help, Q - select action, (/) - cycle Shift-Dir - straight line, f - orc
Aim: an orc, wielding a +0 mace and wearing a +0 ring mail (severely wounded, 65% to hit)
You shoot a sling bullet. The sling bullet barely misses the orc.
The orc closely misses you.
Fire: a) +1 sling
Press: ? - help, Q - select action, (/) - cycle Shift-Dir - straight line, f/p - orc
Aim: an orc, wielding a +0 mace and wearing a +0 ring mail (severely wounded, 65% to hit)
You shoot a sling bullet. The sling bullet hits the orc.
The orc is almost dead.
The orc closely misses you.
Fire: a) +1 sling
Press: ? - help, Q - select action, (/) - cycle Shift-Dir - straight line, f/p - orc
Aim: an orc, wielding a +0 mace and wearing a +0 ring mail (almost dead, 65% to hit)
You shoot a sling bullet. The sling bullet hits the orc.
You kill the orc!
There is an open door here.
Items here: ) [ ††.
B - a wand of mindburst (15) As you open the door, it creaks loudly!
Found 17 gold pieces.
There is an open door here.
As you open the door, it creaks loudly!
There is an open door here.
You hear the slow hiss of a very distant avalanche of sand.
Found 9 gold pieces.
There is a stone staircase leading up here.
A giant cockroach comes into view.
Found a robe.
You shoot a sling bullet.
The sling bullet hits the giant cockroach.
You kill the giant cockroach!
No target in view!
You open the door.
Found an inky potion.
There is an open door here.
m - 3 inky potions (gained 1)
You open the door.
There is an open door here.
You open the door.
There is an open door here.
There is an open door here.
There is an open door here.
Found a fuming black potion and an inky potion.
You hear the slow hiss of a very distant avalanche of sand.
An adder comes into view.
You shoot a sling bullet. The sling bullet hits the adder.
The adder is moderately wounded.
You shoot a sling bullet.
The sling bullet barely misses the adder.
You shoot a sling bullet.
The sling bullet closely misses the adder.
You shoot a sling bullet.
The sling bullet closely misses the adder.
You shoot a sling bullet. The sling bullet hits the adder.
The adder is almost dead.
The adder barely misses you. The adder closely misses you.
You shoot a sling bullet. The sling bullet misses the adder.
The adder bites you but does no damage.
You shoot a sling bullet.
The sling bullet closely misses the adder.
The adder bites you. x2
You shoot a sling bullet. The sling bullet hits the adder.
The adder is almost dead.
The adder bites you. x2
You shoot a sling bullet.
The sling bullet closely misses the adder.
The adder barely misses you.
You shoot a sling bullet. The sling bullet hits the adder.
You kill the adder!
You open the door.
There is an open door here.
You hear the slow hiss of a very distant avalanche of sand.
There is an open door here.
Found a robe.
You now have 137 gold pieces (gained 17).
You open the door.
Found an inky potion.
There is an open door here.
m - 4 inky potions (gained 1)
Found a stone staircase leading down.
You hear the slow hiss of a very distant avalanche of sand.
You open the door.
There is an open door here.
There is an open door here.
There is an open door here.
You hear the hiss of a very distant avalanche of sand.
You open the door.
There is an open door here.
You open the door.
There is an open door here.
There is an open door here.
There is a stone staircase leading up here.
You climb upwards.
There is a stone staircase leading down here.
There is a stone staircase leading up here.
There is a stone staircase leading down here.
You climb downwards.
You hear the hiss of flowing sand.
There is an entrance to an ossuary on this level.
Hurry and find it before the portal is buried!
You hear the brisk hiss of an avalanche of sand nearby.
Found a ring of resist corrosion.
There is a stone staircase leading up here.
You shoot a sling bullet.
The sling bullet closely misses the giant cockroach.
You shoot a sling bullet.
The sling bullet hits the giant cockroach.
The giant cockroach is almost dead.
You shoot a sling bullet.
The sling bullet barely misses the giant cockroach.
The giant cockroach misses you. The giant cockroach closely misses you.
You shoot a sling bullet.
The sling bullet closely misses the giant cockroach.
The giant cockroach bites you.
The quokka bites you but does no damage.
You shoot a sling bullet.
The sling bullet closely misses the giant cockroach.
The giant cockroach closely misses you. The quokka closely misses you.
The giant cockroach misses you.
You shoot a sling bullet.
The sling bullet hits the giant cockroach but does no damage.
The giant cockroach is severely wounded.
The quokka bites you.
The giant cockroach bites you but does no damage.
The quokka misses you.
You shoot a sling bullet.
The sling bullet hits the giant cockroach.
You kill the giant cockroach!
The quokka bites you.
You shoot a sling bullet. The sling bullet hits the quokka!
You kill the quokka!
No target in view!
There is a stone staircase leading up here.
You open the door.
There is an open door here.
You open the door.
There is an open door here.
You open the door.
A quokka comes into view.
Found 10 gold pieces.
There is an open door here.
You shoot a sling bullet.
The sling bullet barely misses the quokka.
You shoot a sling bullet. The sling bullet hits the quokka.
You kill the quokka!
A ball python comes into view.
You shoot a sling bullet. The sling bullet hits the ball python!
You kill the ball python!
No target in view!
You hear the brisk hiss of an avalanche of sand nearby.
Why would you want to do that?
Unknown command.
You now have 147 gold pieces (gained 10).
There is an open door here.
There is an open door here.
You open the door.
There is an open door here.
A quokka comes into view.
You shoot a sling bullet.
The sling bullet completely misses the quokka.
You shoot a sling bullet. The sling bullet hits the quokka.
The quokka is almost dead.
You shoot a sling bullet. The sling bullet hits the quokka.
You kill the quokka!
No target in view!
Found 10 gold pieces.
You hear the brisk hiss of an avalanche of sand nearby.
You now have 157 gold pieces (gained 10).
You open the door.
There is an open door here.
A ball python comes into view.
You shoot a sling bullet. The sling bullet hits the ball python.
You kill the ball python!
No target in view!
No target in view!
Found a scroll of poison and a black potion.
You open the door.
Found a sand-covered staircase.
There is an open door here.
There is a sand-covered staircase here.
The world spins around you as you enter the gateway.
You enter an ossuary!
Found a gate leading back out of this place.
There is an empty arch of ancient stone here.
There is a gate leading back out of this place here.
You open the door.
There is an open door here.
You open the door.
There is an open door here.
You open the door.
An adder zombie comes into view.
You shoot a sling bullet. The sling bullet hits the adder zombie!
The adder zombie is heavily damaged.
You shoot a sling bullet. The sling bullet hits the adder zombie.
The adder zombie is severely damaged.
The adder zombie closely misses you.
You shoot a sling bullet. The sling bullet hits the adder zombie.
The adder zombie is almost destroyed.
The adder zombie closely misses you.
You shoot a sling bullet.
The sling bullet closely misses the adder zombie.
The adder zombie misses you. The adder zombie bites you.
You shoot a sling bullet.
The sling bullet completely misses the adder zombie.
The adder zombie bites you.
You shoot a sling bullet.
The sling bullet closely misses the adder zombie.
The adder zombie bites you.
The adder zombie bites you but does no damage.
You shoot a sling bullet.
The sling bullet closely misses the adder zombie.
The adder zombie bites you.
You shoot a sling bullet. The sling bullet hits the adder zombie.
You destroy the adder zombie!
Your Stealth skill increases to level 2!
You open the door.
A hobgoblin zombie comes into view.
You shoot a sling bullet.
The sling bullet hits the hobgoblin zombie.
The hobgoblin zombie is moderately damaged.
You shoot a sling bullet.
The sling bullet hits the hobgoblin zombie.
The hobgoblin zombie is severely damaged.
The hobgoblin zombie barely misses you.
You shoot a sling bullet.
The sling bullet hits the hobgoblin zombie.
You destroy the hobgoblin zombie!
No target in view!
You open the door.
An orc zombie comes into view.
You shoot a sling bullet. The sling bullet hits the orc zombie.
The orc zombie is moderately damaged.
You shoot a sling bullet. The sling bullet hits the orc zombie!
You destroy the orc zombie!
No target in view!
Unknown command.
You open the door.
A wight comes into view. It is wielding a +0 trident.
You shoot a sling bullet.
The sling bullet hits the wight but does no damage.
The wight hits you from afar with a +0 trident.
The wight hits you from afar with a +0 trident!
You shoot a sling bullet. The sling bullet hits the wight.
The wight is lightly damaged.
The wight hits you from afar with a +0 trident.
You shoot a sling bullet.
The sling bullet barely misses the wight.
The wight hits you from afar with a +0 trident.
You are too injured to fight recklessly!
You are too injured to fight recklessly!
You are too injured to fight recklessly!
You are too injured to fight recklessly!
You are too injured to fight recklessly!
Fire: a) +1 sling
Press: ? - help, Q - select action, (/) - cycle Shift-Dir - straight line, f/p - wight
Aim: a wight, wielding a +0 trident and wearing a +0 robe (lightly damaged, 62% to hit)
You shoot a sling bullet.
The sling bullet barely misses the wight.
The wight misses you.
Fire: a) +1 sling
Press: ? - help, Q - select action, (/) - cycle Shift-Dir - straight line, f/p - wight
Aim: a wight, wielding a +0 trident and wearing a +0 robe (lightly damaged, 62% to hit)
You shoot a sling bullet. The sling bullet hits the wight.
The wight is lightly damaged.
The wight hits you from afar with a +0 trident!
You feel drained.
Fire: a) +1 sling
Press: ? - help, Q - select action, (/) - cycle Shift-Dir - straight line, f/p - wight
Aim: a wight, wielding a +0 trident and wearing a +0 robe (lightly damaged, 62% to hit)
You shoot a sling bullet. The sling bullet hits the wight.
The wight is heavily damaged.
The wight barely misses you.
The wight hits you from afar with a +0 trident!
* * * LOW HITPOINT WARNING * * *
You feel drained.
* * * LOW HITPOINT WARNING * * *
Fire: a) +1 sling
Press: ? - help, Q - select action, (/) - cycle Shift-Dir - straight line, f/p - wight
Aim: a wight, wielding a +0 trident and wearing a +0 robe (heavily damaged, 62% to hit)
You shoot a sling bullet.
The sling bullet hits the wight but does no damage.
The wight is heavily damaged.
The wight hits you from afar with a +0 trident.
* * * LOW HITPOINT WARNING * * *
You feel drained.
* * * LOW HITPOINT WARNING * * *
Fire: a) +1 sling
Press: ? - help, Q - select action, (/) - cycle Shift-Dir - straight line, f/p - wight
Aim: a wight, wielding a +0 trident and wearing a +0 robe (heavily damaged, 62% to hit)
You shoot a sling bullet. The sling bullet hits the wight.
The wight is severely damaged.
The wight hits you from afar with a +0 trident!
You die...

Skill      XL: |  1  2  3  4  5 |
---------------+----------------+-----
Fighting       | 1 2 |  2.0
Dodging        | 2 3 |  3.4
Ranged Weapons | 2 3 |  3.3
Stealth        | 1 2 |  2.0
Spellcasting   | |  1.0
Hexes          | |  2.6

Action                     |  1- 3 |  4- 6 || total
---------------------------+-------+-------++-------
   Fire: Sling             |   155 |   134 ||   289
 Armour: Robe              |    13 |     8 ||    21
  Dodge: Dodged            |    31 |    28 ||    59

Levels and vault maps discovered:
D:1:      wander_arrival_abandoned_jail, layout_basic, kennysheep_flooded_box,
          nicolae_figureground_sparkle
D:2:      layout_basic, hangedman_feature_mirror
D:3:      layout_basic, overflow_temple_1_default
D:4:      layout_gridville, enter_ossuary_2, kennysheep_generic_room_2
Ossuary:  ossuary_due_cavern

Notes
Turn   | Place    | Note
-------+----------+-------------------------------------------
     0 | D:1      | scionoferis the Demigod Hexslinger began the quest for the
                  | Orb.
     0 | D:1      | Reached XP level 1. HP: 15/15 MP: 4/4
    53 | D:1      | Reached skill level 1 in Fighting
    53 | D:1      | Reached skill level 2 in Dodging
    72 | D:1      | Reached skill level 2 in Ranged Weapons
   124 | D:1      | Reached XP level 2. HP: 19/23 MP: 5/5
   719 | D:1      | Reached XP level 3. HP: 28/28 MP: 6/6
   961 | D:2      | Reached skill level 1 in Stealth
  1247 | D:2      | Reached XP level 4. HP: 28/35 MP: 8/8
  1946 | D:3      | Reached skill level 3 in Dodging
  2064 | D:3      | Reached skill level 3 in Ranged Weapons
  2346 | D:4      | Reached skill level 2 in Fighting
  2346 | D:4      | Reached XP level 5. HP: 20/41 MP: 9/9
  2790 | D:4      | Found a sand-covered staircase.
  2795 | Ossuary  | Entered an ossuary
  2844 | Ossuary  | Reached skill level 2 in Stealth
  2861 | Ossuary  | HP: 3/38 [wight/+0 trident (2)]
  2862 | Ossuary  | Slain by a wight

Vanquished Creatures
  A scorpion (D:4)
  4 adders (D:2 D:3 D:4)
  An adder zombie (Ossuary)
  7 worms (D:1 D:2 D:3 D:4)
  4 dart slugs (D:1 D:3)
  2 orcs (D:2 D:4)
  9 ball pythons (D:1 D:2 D:3 D:4)
  3 endoplasms (D:1 D:2)
  9 giant cockroaches (D:1 D:2 D:3 D:4)
  5 goblins (D:1 D:2 D:3)
  9 hobgoblins (D:1 D:2 D:3)
  A jackal (D:2)
  8 quokkas (D:1 D:2 D:3 D:4)
  5 bats (D:1 D:2 D:3)
  3 frilled lizards (D:1 D:2)
  A hobgoblin zombie (Ossuary)
  A kobold (D:2)
  An orc zombie (Ossuary)
  9 rats (D:1 D:2 D:3)
83 creatures vanquished.

Table legend: (Time is in decaauts)
 A = Elapsed time spent in this place.
 B = Non-inter-level travel time spent in this place.
 C = Inter-level travel time spent in this place.
 D = Time resting spent in this place.
 E = Time spent auto-exploring this place.
 F = Levels seen in this place.
 G = Mean time per level.
                   A        B        C        D        E       F      G
               +--------+--------+--------+--------+--------+-----+--------+
         Total |   2939 |   2750 |    189 |      0 |   1871 |   5 |  587.8 |
       Dungeon |   2868 |   2679 |    189 |      0 |   1836 |   4 |  717.0 |
       Ossuary |     71 |     71 |      0 |      0 |     35 |   1 |   71.0 |
               +--------+--------+--------+--------+--------+-----+--------+

Top non-repeatable levels by time:
     D:2: 975 daAuts
     D:1: 753 daAuts
     D:3: 658 daAuts
     D:4: 481 daAuts
 Ossuary: 71 daAuts

Table legend:
 A = Non-vault XP
 B = Vault XP
 C = Vault XP percentage of total XP
 D = Non-vault monster count
 E = Vault monster count
 F = Vault count percentage of total count
                 A         B        C        D         E       F
            +---------+---------+-------+---------+---------+-------
      Total |     273 |      26 |   8.7 |      72 |      11 |  13.3
            +---------+---------+-------+---------+---------+-------
        D:1 |      48 |       0 |   0.0 |      24 |       0 |   0.0
        D:2 |      66 |      15 |  18.5 |      22 |       6 |  21.4
        D:3 |      49 |       0 |   0.0 |      17 |       0 |   0.0
        D:4 |     110 |       3 |   2.7 |       9 |       2 |  18.2
    Ossuary |       0 |       8 | 100.0 |       0 |       3 | 100.0
            +---------+---------+-------+---------+---------+-------
